← All builds
Tech / Legion / Economy first / OBSERVED BUILD

Standard tech

Legion Tech (Eco) build order · Supreme Isthmus

Rushes a Legion Bot Lab around 1:13 into an Advanced Bot Lab by 4:08, reclaiming the starting labs for metal, then upgrades mexes and adds a Fusion Reactor around 10:13 while supplying T2 construction power and Advanced Construction Bots…

Usually first T2 con to Geo (68%)

#t2 #eco #team support · 19 distinct matches · 10 players · 70% of Legion Tech games · team won 47% of 19 · Recently observed

HOW TO PLAY IT

Key timing: T2 lab by 4:08

  1. Grab 3 mex and start wind while opening Legion Bot Lab.
  2. Get Legion Bot Lab up and push early cons out.
  3. Reclaim Legion Bot Lab for metal once it has paid off.
  4. Finish Advanced Bot Lab and start pumping Advanced Construction Bots.
  5. Upgrade mexes first, then scale wind and fus by 10:13.

Phase by phase

TYPICAL OF ITS 19 GAMES
  1. 1
  2. 2
  3. 3
  4. 4
PLAY THE OPENING

Follow the example game's first 6:00 step by step: what to build now, what comes next, and where it goes. At 1× it keeps pace with your own game.

  1. 1

    Up to the Legion Bot Lab

    Economy
    • Metal Extractor3Mex
    • Wind Turbine3Wind
    Order
    1. Legion Bot LabLegion Bot Lab after 3 mex, 3 winddone ~1:15, middle half 1:12–1:17

    By 0:56 in all: 3 mex · 3 wind

    The example game in this phase · 3 steps
    1. Mex ×3
    2. Wind ×3
    3. Legion Bot LabLegion Bot Labdone 1:12 · typical 1:15
  2. 2

    Legion Bot Lab to Legion Advanced Bot Lab

    Economy
    • Metal Extractor1Mex
    • Wind Turbine8Wind
    • Energy Converter1Converter
    Order
    1. Legion Advanced Bot LabLegion Advanced Bot Lab after 4 mex, 11 wind, 2 con turretdone ~4:28, middle half 4:16–4:44
    Builders
    • Construction Turret2 Con turret
    • Legion Construction Bot3 Legion Construction Bot
    • Zagreus3 Zagreus

    Some games also: energy storage (42%) · Legion Construction Bot for allies (37%)

    By 3:03 in all: 4 mex · 11 wind · 1 converter · 2 con turret

    The example game in this phase · 14 steps
    1. ZagreusZagreus
    2. Wind ×2
    3. Legion Construction BotLegion Construction Bot
    4. Wind
    5. Legion Construction BotLegion Construction Bot
    6. Wind ×2
    7. Mex
    8. ZagreusZagreus
    9. Converter
    10. Wind
    11. Legion Construction BotLegion Construction Bot
    12. Wind
    13. ZagreusZagreus
    14. Legion Advanced Bot LabLegion Advanced Bot Labdone 4:35 · typical 4:28
  3. 3

    Legion Advanced Bot Lab to 5:00

    Economy
    • Wind Turbine3Wind
    • Energy Converter2Converter
    Order
    1. Legion Bot LabEat Legion Bot Lab
    Builders
    • Advanced Construction Bot1 T2 con bot for allies

    By 5:00 in all: 4 mex · 17 wind · 4 converter · 2 con turret

    The example game in this phase · 13 steps
    1. Wind
    2. Legion Construction BotLegion Construction Botfor Air
    3. Converter
    4. ZagreusZagreusfor Air
    5. Wind
    6. Converter
    7. Wind ×2
    8. Converter ×2
    9. Wind ×2
    10. Legion Bot LabEat Legion Bot Labreclaimed for its metal
    11. Wind
    12. Advanced Construction BotT2 con botfor Geo
    13. Wind
  4. 4

    5:00 to 10:00

    Economy
    • Wind Turbine19Wind
    • Energy Converter2Converter
    Builders
    • Construction Turret5 Con turret
    • Advanced Construction Bot4 T2 con bot for allies
    • Proteus1 Proteus
    • Advanced Construction Bot1 T2 con bot

    Some games also: Advanced Fusion Reactor (47%)

    By 10:00 in all: 4 mex · 34 wind · 6 converter · 8 con turret

    The example game in this phase · 54 steps
    1. Wind
    2. Advanced Metal ExtractorT2 mexdone 5:48 · typical 5:40
    3. Wind ×2
    4. Advanced Construction BotT2 con botfor Air
    5. Wind ×5
    6. Advanced Metal ExtractorT2 mex
    7. Wind
    8. Advanced Construction BotT2 con bot
    9. Wind ×3
    10. Advanced Metal ExtractorT2 mex
    11. Advanced Construction BotT2 con botfor Pond
    12. Wind
    13. Advanced Construction BotT2 con botfor unknown
    14. Wind ×2
    15. Advanced Metal ExtractorT2 mex
    16. Advanced Construction BotT2 con botfor Beach sea
    17. Wind ×3
    18. Con turret
    19. Wind
    20. Con turret
    21. Wind
    22. Con turret ×2
    23. ThanatosThanatosdone 9:42
    24. Wind
    25. Con turret ×2
    26. Advanced Fusion ReactorAdvanced Fusion Reactordone 12:37
    27. Wind
    28. Con turret ×2
    29. Wind ×5
    30. Legion Advanced Bot LabEat Legion Advanced Bot Labreclaimed for its metal
    31. Wind
    32. Converter
    33. Wind
    34. Converter ×2
    35. Wind
    36. Converter
    37. Wind ×8
    38. T2 converter
    39. Wind ×2
    40. T2 converter
    41. Con turret ×4
    42. Wind
    43. Con turret ×4
    44. Wind
    45. T2 converter ×3
    46. Advanced Fusion ReactorAdvanced Fusion Reactor
    47. Wind
    48. Advanced Fusion ReactorAdvanced Fusion Reactor
    49. Wind
    50. Con turret ×5
    51. AegisAegisnot finished by 15:00
    52. Wind ×5
    53. T2 converter
    54. Wind

Counts are medians over the build's games: half of them build more, half fewer. The example game is RollingBread's (32 OS, 04/10/2026); pick another.

Team trades

IN AT LEAST 30% OF ITS GAMES

You hand over

  • Legion Construction Bot1 Legion Construction Bot to Airfirst at 2:32 · in 58% of games
  • Advanced Construction Bot5 T2 con bot to Air or Geo sea or Pondfirst at 5:05 · in 100% of games

You get

  • Hercules1 Light transport from Airfirst at 4:16 · in 68% of games

How it plays out

Typical game of this build, running totals by minute

Metal produced

020k40k
0:005:0010:0015:00

metal

Enemy metal destroyed

00.51
0:005:0010:0015:00

metal

Own metal lost

050100150
0:005:0010:0015:00

metal

19 games.

Show as table
ByMetal produced: This buildEnemy metal destroyed: This buildOwn metal lost: This build
1:0038200
2:0091600
3:00171200
4:00293900
5:00441900
6:00563500
7:00706800
8:00923200
9:001119800
10:001366200
11:001815100
12:002076800
13:002378600
14:002802000
15:00339040130
WHAT THE NUMBERS SAY

This is the role's baseline play, winning more often than not while producing far more metal than it loses or destroys, showing its value is team eco, not frontline damage.

  • + Team won most games despite near-zero kills, showing its value is enabling teammates.
  • + Metal output snowballs hugely, 4716 by 5:00 to 24757 by 15:00.
  • − Own metal lost stays low but creeps up to 464 by 15:00, some exposure late.
  • − Nearly all labs get reclaimed, so mistimed reclaim could starve early BP.
THE EXAMPLE YOU ARE READING

RollingBread

31.5 OS · 04/10/2026

Open source match ↗

1 received units
1660 metal received · 33180 energy received

Allied construction assistance is unknown. Timings are observations, not a promise of solo reproducibility.

Typical milestones

Legion Bot Lab1:15Middle 50%: 1:12–1:17 · n=19
Legion Advanced Bot Lab4:28Middle 50%: 4:16–4:44 · n=19
Advanced Metal Extractor5:40Middle 50%: 5:12–5:50 · n=19

Played most by

RollingBread8games of this build[Crd]Atlas2games of this buildcelestia_1x2games of this build_X_1game of this buildPlatinumBlonde1game of this build